 Dungeon Crawl Stone Soup version 0.15-a0-1646-g393eda0 (console) character file.

87 MrRokkomies the Covered (level 4, -2/35 HPs)
             Began as a Formicid Abyssal Knight on June 22, 2014.
             Was a Believer of Lugonu.
             Slain by an ice beast (14 damage)
             ... on Level 7 of the Dungeon.
             The game lasted 00:10:35 (2711 turns).

MrRokkomies the Covered (Formicid Abyssal Knight)   Turns: 2711, Time: 00:10:35

HP  -2/35        AC  9     Str 16      XL: 4   Next: 80%
MP   6/6         EV  5     Int 12      God: Lugonu [**....]
Gold 99          SH  7     Dex 11      Spells:  0 memorised,  3 levels left

rFire  . . .     SeeInvis +     p - +2 war axe (elec)
rCold  . . .     Clarity  .     j - +2 scale mail
rNeg   . . .     rCorr    .     q - +0 shield
rPois  .         rRot     .     (helmet unavailable)
rElec  .         Spirit   .     (no cloak)
SustAb .         Warding  .     (no gloves)
rMut   .         Stasis   +     (no boots)
Gourm  .                        (no amulet)
MR     .....                    (no ring)
                                s - ring of stealth

@: not resistant to hostile enchantments, very unstealthy
A: permanent stasis, dig shafts and tunnels, four strong arms, antennae 3
a: Dig, Shaft Self, Depart the Abyss, Bend Space, Renounce Religion


You were on level 7 of the Dungeon.
You worshipped Lugonu.
Lugonu was pleased with you.
You were very hungry.

You visited 1 branch of the dungeon, and saw 5 of its levels.
You visited the Abyss 1 time.

You collected 99 gold pieces.

Inventory:

Hand weapons
 a - a +2 falchion
 i - a +0 sling
 k - a +0 dagger of venom
 p - a +2 war axe of electrocution (weapon)
Missiles
 f - 36 bolts
 o - 8 stones (quivered)
Armour
 j - a +2 scale mail (worn)
 q - a +0 shield (worn)
Comestibles
 b - a meat ration
 c - 2 bread rations
 h - a rotting chunk of giant newt flesh
Scrolls
 d - a scroll of amnesia
 e - a scroll of enchant weapon
 n - 3 scrolls of remove curse
Jewellery
 s - a ring of stealth (left hand)
Potions
 g - 2 potions of brilliance
 l - a potion of poison {unknown}
 m - a potion of degeneration {unknown}
 r - a potion of curing
Books
 t - a book of Party Tricks

   Spells                             Type                      Level
   Summon Butterflies                 Summoning                    1
   Apportation                        Translocation                1
   Blink                              Translocation                2
   Tukima's Dance                     Hexes                        3
   Alistair's Intoxication            Transmutation/Poison         4


   Skills:
 - Level 3.2 Fighting
 * Level 3.5 Long Blades
 - Level 0.2 Axes
 + Level 3.8 Armour
 - Level 0.8 Dodging
 - Level 2.1 Invocations


You had 3 spell levels left.
You didn't know any spells.

Dungeon Overview and Level Annotations

Branches:
Dungeon (7/15)
 Temple: D:4-7

Altars:
Sif Muna

Annotations:
D:3 MrRokkomies' ghost, average FoAK
D:4 flammableBen's ghost, experienced HaFi


Innate Abilities, Weirdness & Mutations

Your are under a permanent stasis effect.
You can dig through walls and to a lower floor.
Your four strong arms can wield two-handed weapons with a shield.
You have a pair of large antennae on your head (SInv).


Message History

The ice beast hits you. The ice beast freezes you!
The ice beast hits you but does no damage.
You closely miss the ice beast. The ice beast barely misses you.
You hit the ice beast.
The ice beast is lightly wounded.
The ice beast hits you but does no damage.
The ice beast hits you. The ice beast freezes you!
You barely miss the ice beast.
The ice beast is lightly wounded.
You block the ice beast's attack. The ice beast barely misses you.
You hit the ice beast but do no damage.
The ice beast is lightly wounded.
The ice beast barely misses you.
Your shield and scale mail prevent you from hitting the ice beast.
The ice beast is lightly wounded.
The ice beast hits you but does no damage. x2
You barely miss the ice beast.
The ice beast is lightly wounded.
The ice beast hits you. The ice beast freezes you!
You die...

...##..##
#..#####.# ..
##..#####..#
#..#
#..##....##
##.#
#........## ..
#....###..#
#.. #..###
#..## . #..##
##..# .....
#..## ......
##Y@# ##..
.............#
##.
###.......###
###...###
....# .....#
......# .....#
#.#


You could see an ice beast.

Vanquished Creatures
  2 adders (D:2)
  3 worms (D:2)
  3 giant geckos
  An ooze (D:3)
  An orc (D:7)
  7 bats
  2 giant cockroaches (D:2)
  7 goblins
  4 hobgoblins (D:2)
  2 jackals (D:1)
  A quokka (D:2)
  2 giant newts
  5 kobolds
  4 rats
44 creatures vanquished.

Notes
Turn   | Place    | Note
--------------------------------------------------------------
     0 | Abyss:1  | MrRokkomies, the Formicid Abyssal Knight, began the quest for the Orb.
     0 | Abyss:1  | Reached XP level 1. HP: 18/18 MP: 1/1
     0 | D:1      | Escaped the Abyss
    75 | D:1      | Acquired Lugonu's first power
   104 | D:1      | Reached XP level 2. HP: 20/24 MP: 3/3
   691 | D:2      | Reached XP level 3. HP: 4/29 MP: 5/5
  1295 | D:2      | Found a deep blue altar of Sif Muna.
  1633 | D:2      | Reached XP level 4. HP: 19/35 MP: 6/6
  1818 | D:2      | Acquired Lugonu's second power
  2376 | D:3      | Noticed MrRokkomies' ghost (average FoAK)
  2409 | D:4      | Noticed flammableBen's ghost (experienced HaFi)
  2413 | D:4      | You fall through a shaft for 3 floors!
  2703 | D:7      | Noticed an ice beast
  2711 | D:7      | Slain by an ice beast

Action                   |  1- 3 |  4- 6 || total
-------------------------+-------+-------++-------
Melee: Falchion          |   107 |    34 ||   141
       War axe           |       |    42 ||    42
Throw: Stone             |    11 |    15 ||    26
Invok: Depart the Abyss  |     1 |       ||     1
 Abil: Dig               |       |     1 ||     1
       Shaft Self        |       |     1 ||     1
  Use: Scroll            |     8 |     2 ||    10
       Potion            |       |     2 ||     2
